AoeStats
← Numen

Black Forest

506144887Analyzed
3v3 RM · 20d ago on Sep 12, 2026· 49m 39s· 6 players
Game mode
Random Map
Map size
Normal (6 player)
Population
200
Speed
Normal
Resources
Standard
Victory
Conquest
Starting age
Dark Age
Ending age
Imperial Age
RankedLock teamsTeams togetherTeam positionsShared explorationLock speedFull tech treeHidden civsTurbo modeCheats
Victory
Defeat
🇫🇷 Franks · France
934
+16
🇨🇳 Portuguese · China
888
+18
🇷🇺 Britons · Russia
847
+20
🇦🇷 Slavs · Argentina
979
-20
🇦🇷 Georgians · Argentina
905
-48
🇪🇸 Dravidians · Spain
905
-48
沙正街小霸王
0:32 Loom
13:57 Feudal Age
18:35 Castle Age
16:55 Double-Bit Axe
17:21 Horse Collar
19:33 Heavy Plow
19:45 Bow Saw
26:20 Treadmill Crane
34:36 Imperial Age
33:13 Ballistics
33:04 Fortified Wall
33:01 Stone Mining
34:54 Wheelbarrow
35:01 Stone Shaft Mining
34:40 Gold Mining
34:43 Fletching
35:44 Masonry
35:33 Bodkin Arrow
37:03 Siege Engineers
37:58 Chemistry
38:50 Two-Man Saw
39:43 Hand Cart
40:02 Architecture
39:35 Bracer
41:33 Coinage
41:48 Arquebus
42:11 Conscription
43:43 Bombard Tower
46:34 Elite Organ Gun
Socrate78
10:21 Feudal Age
10:48 Double-Bit Axe
16:58 Castle Age
16:25 Forging
16:34 Gold Mining
17:50 Bow Saw
19:21 Scale Barding Armor
22:10 Wheelbarrow
23:42 Chain Barding Armor
26:50 Iron Casting
32:45 Imperial Age
32:03 Caravan
32:31 Husbandry
33:41 Cavalier
36:11 Gold Shaft Mining
40:01 Conscription
41:12 Blast Furnace
40:48 Plate Barding Armor
40:39 Hand Cart
44:18 Paladin
46:25 #83
Etheling
0:39 Loom
12:06 Feudal Age
12:37 Horse Collar
12:46 Double-Bit Axe
12:58 Gold Mining
14:51 Stone Mining
18:30 Wheelbarrow
21:34 Castle Age
21:53 Fletching
22:49 Bow Saw
22:48 Heavy Plow
23:41 Bodkin Arrow
24:50 Gold Shaft Mining
24:53 Hand Cart
26:13 Coinage
27:24 Fervor
28:07 Sanctity
28:16 Caravan
29:26 Padded Archer Armor
29:49 Hand Cart
30:03 Herbal Medicine
32:08 Fortified Wall
32:19 Ballistics
31:56 Murder Holes
33:06 Devotion
33:39 Masonry
33:12 Treadmill Crane
34:49 Squires
34:35 Gambesons
34:36 Arson
36:01 Scale Mail Armor
36:17 Leather Archer Armor
39:35 Imperial Age
36:45 Pikeman
37:42 Chain Mail Armor
37:33 Guard Tower
40:33 Forging
40:04 Elite Longbowman
41:36 Yeomen
41:40 Conscription
42:00 Hoardings
42:14 Banking
41:56 Guilds
42:01 Bracer
44:49 Chemistry
44:22 Architecture
44:29 Keep
43:39 Arrowslits
44:21 Town Watch
45:44 Two-Man Saw
45:27 Ring Archer Armor
45:29 Plate Mail Armor
45:21 Block Printing
45:44 Theocracy
45:38 Illumination
45:30 Siege Engineers
45:38 Halberdier
47:46 Faith
47:44 Warwolf
47:21 Man-at-Arms
48:05 Long Swordsman
48:16 Capped Ram
48:18 Onager
49:13 Siphons
48:59 Heated Shot
49:20 Clinker Construction
49:20 Careening
49:24 Sappers
Izzy
2:58 Loom
13:09 Feudal Age
15:26 Double-Bit Axe
15:36 Town Watch
16:56 Gold Mining
22:29 Horse Collar
25:08 Fletching
26:09 Wheelbarrow
29:47 Castle Age
29:43 Padded Archer Armor
29:54 Forging
31:06 Bow Saw
30:26 Crossbowman
31:35 Heavy Plow
35:11 Hand Cart
35:27 Bodkin Arrow
35:51 Leather Archer Armor
38:21 Ballistics
41:14 Imperial Age
40:31 Scale Barding Armor
41:02 Iron Casting
42:34 Husbandry
43:20 Crop Rotation
43:50 Bloodlines
43:06 Cavalier
46:10 Chemistry
47:45 Bracer
48:06 Chain Barding Armor
48:47 Blast Furnace
Numen
3:45 Loom
9:50 Feudal Age
10:21 Town Watch
12:09 Double-Bit Axe
12:00 Man-at-Arms
15:44 Scale Mail Armor
15:55 Forging
17:22 Wheelbarrow
20:48 Horse Collar
25:01 Castle Age
25:07 Pikeman
25:38 Light Cavalry
28:24 Hand Cart
30:41 Fletching
32:49 Squires
33:08 Chain Mail Armor
33:29 Iron Casting
39:41 Imperial Age
39:52 Halberdier
41:38 Plate Mail Armor
43:02 Blast Furnace
.Yearn~
2:00 Loom
10:27 Feudal Age
11:29 Horse Collar
11:37 Double-Bit Axe
19:49 Castle Age
18:33 Forging
19:49 Wheelbarrow
20:23 Scale Barding Armor
21:46 Iron Casting
21:12 Scale Mail Armor
21:00 Man-at-Arms
21:42 Squires
23:01 Pikeman
23:02 Long Swordsman
30:15 Bow Saw
32:36 Imperial Age
32:37 Hand Cart
33:33 Chain Barding Armor
33:29 Chain Mail Armor
33:08 Two-Handed Swordsman
35:09 Two-Man Saw
34:11 Heavy Plow
35:00 Caravan
34:46 Champion
35:32 Town Watch
37:21 Blast Furnace
40:52 Town Patrol
40:40 Elite Boyar
41:59 Plate Barding Armor
41:55 Plate Mail Armor
42:24 Halberdier
48:54 Conscription
Connection lost

Rejoining the realm…

Still unreachable

The connection could not be restored.

Session expired

The server has moved on; the page needs a fresh start.